 Dungeon Crawl Stone Soup version 0.28.0-53-g5a82cb258f (webtiles) character file.

Game seed: 14850285507408180942

3 Doot the Magician (level 1, -1/11 HPs)
             Began as an Octopode Hedge Wizard on June 18, 2022.
             Succumbed to a kobold's curare-tipped dart
             ... on level 1 of the Dungeon.
             The game lasted 00:00:08 (121 turns).

Doot the Magician (Octopode Hedge Wizard)            Turns: 121, Time: 00:00:09

Health: -1/11      AC:  1    Str:  9    XL:     1   Next: 50%
Magic:  4/4        EV: 13    Int: 16    God:
Gold:   0          SH:  0    Dex: 11    Spells: 5/6 levels left

rFire   . . .      SeeInvis .   a - +0 dagger
rCold   . . .      Faith    .   (no shield)
rNeg    . . .      Spirit   .   b - +0 hat
rPois   .          Reflect  .   (no amulet)
rElec   .          Harm     .   (no ring)
rCorr   .          Rampage  .   (no ring)
Will    .....                   (no ring)
Stlth   +++.......              (no ring)
HPRegen 0.03/turn               (no ring)
MPRegen 0.09/turn               (no ring)
                                (no ring)
                                (no ring)

@: lethally poisoned (-1 -> -18), slowed, very slow
A: almost no armour, amphibious, 8 rings, camouflage 1, gelatinous body 1,
(nimble swimmer 1), tentacles
a: no special abilities


You were on level 1 of the Dungeon.
You visited 1 branch of the dungeon, and saw 1 of its levels.

Inventory:

Hand Weapons
 a - a +0 dagger (weapon)
Armour
 b - a +0 hat (worn)


   Skills:
 + Level 2.0 Dodging
 + Level 2.6 Stealth
 + Level 3.2 Spellcasting
 + Level 1.0 Conjurations
 + Level 1.0 Summonings
 + Level 1.0 Translocations


You had 5 spell levels left.
You knew the following spells:

 Your Spells              Type           Power      Damage    Failure   Level
a - Magic Dart            Conj           20%        1d4       12%         1

Your spell library contained the following spells:

 Spells                   Type           Power      Damage    Failure   Level
 Slow                     Hex            8%         N/A       19%         1
 Blink                    Tloc           10%        N/A       19%         2
 Call Imp                 Summ           5%         N/A       19%         2
 Conjure Flame            Conj/Fire      4%         6-21      41%         3
 Mephitic Cloud           Conj/Pois/Air  3%         N/A       43%         3


Dungeon Overview and Level Annotations

Branches:
Dungeon (1/15)

Altars:


Innate Abilities, Weirdness & Mutations

You cannot wear most types of armour.
You are amphibious.
You can wear up to eight rings at the same time.
Your skin changes colour to match your surroundings (Stealth+).
Your rubbery body absorbs attacks. (AC +1, EV +1)
((You are camouflaged when in or above water. (Stealth+)))
You have tentacles for arms and can constrict up to eight enemies at once.


Message History

There is an open door here.
You open the door.
Found 20 stones.
There is an open door here.
A goblin comes into view. It is wielding a +0 club.
You see here 20 stones.
The magic dart hits the goblin.
The goblin is severely wounded.
The goblin shouts!
You hear a shout!
A rat comes into view.
The magic dart hits the goblin.
You kill the goblin!
The magic dart hits the rat.
You kill the rat!
You can't see any susceptible monsters within range! (Use Z to cast anyway.)
You can't see any susceptible monsters within range! (Use Z to cast anyway.) Magic restored.
Things that are here:
a +0 club; a goblin corpse A goblin comes into view.
It is wielding a +0 dagger.
Found a dagger.
The goblin shouts!
A ball python comes into view.
The magic dart hits the goblin.
You kill the goblin!
The ball python hisses angrily.
The magic dart hits the ball python.
You kill the ball python!
You can't see any susceptible monsters within range! (Use Z to cast anyway.)
You can't see any susceptible monsters within range! (Use Z to cast anyway.)
You can't see any susceptible monsters within range! (Use Z to cast anyway.)
Found a faded altar of an unknown god.
A kobold comes into view.
It is wielding a staff of earth and quivering curare-tipped darts.
The kobold shouts!
The kobold throws a curare-tipped dart.
The curare-tipped dart hits you.
You are lethally poisoned!
You have difficulty breathing.
Ouch! That really hurt!
You feel yourself slow down.
You die...

K... ...
#..ยง #._.
#...####
###......
........#
#####.#
#...@.#
#.#####
#.# #.####
##....#
#...#)#
###
#...#.##
#.##
#...#..##
#..##
#)..#...##
#...##


There were no monsters in sight!

Vanquished Creatures
  2 goblins (D:1)
  A ball python (D:1)
  A rat (D:1)
4 creatures vanquished.

Notes
Turn   | Place    | Note
-------+----------+-------------------------------------------
     0 | D:1      | Doot the Octopode Hedge Wizard began the quest for the Orb.
     0 | D:1      | Reached XP level 1. HP: 11/11 MP: 4/4
   119 | D:1      | Found a faded altar of an unknown god.
   121 | D:1      | Succumbed to a kobold's curare-tipped dart

Illustrated notes

Levels and vault maps discovered:
D:1:      dpeg_arrival_triangle_fractal, layout_loops_cross,
          ebering_ecumenical_altar_mist

Action                   || total
-------------------------++-------
 Cast: Magic Dart        ||     5
